 Dungeon Crawl Stone Soup version 0.16-a0-3202-g5da3999 (webtiles) character file.

191 Malachi the Chiller (level 5, 0/32 HPs)
             Began as a High Elf Ice Elementalist on Dec 18, 2014.
             Succumbed to poison (a potion of poison)
             ... on level 4 of the Dungeon.
             The game lasted 00:08:27 (2901 turns).

Malachi the Chiller (High Elf Ice Elementalist)     Turns: 2901, Time: 00:08:28

Health: 0/32       AC:  4    Str:  7    XL:     5   Next: 41%
Magic:  16/16      EV: 19    Int: 20    God:
Gold:   140        SH:  0    Dex: 20    Spells: 1 memorised, 11 levels left

rFire  . . .     SeeInvis .     j - +0 short sword
rCold  . . .     Clarity  .     a - +0 robe
rNeg   . . .     SustAb   .     (no shield)
rPois  .         Gourm    .     k - +2 hat
rElec  .         Spirit   .     (no cloak)
rCorr  .         Warding  .     (no gloves)
rMut   .         Stasis   .     (no boots)
MR     .....                    (no amulet)
Stlth  +++.......               (no ring)
                                (no ring)

@: agile, lethally poisoned, not resistant to hostile enchantments, fairly
stealthy
A: no striking features
a: no special abilities


You were on level 4 of the Dungeon.
You were not hungry.

You visited 1 branch of the dungeon, and saw 4 of its levels.

You collected 140 gold pieces.

Inventory:

Hand weapons
 g - a +0 dagger
 j - a +0 short sword (weapon)
Armour
 a - a +0 robe (worn)
 i - a +0 helmet
 k - a +2 hat (worn)
Jewellery
 l - an uncursed amulet of rage {unknown}
 m - an uncursed amulet of regeneration {unknown}
Scrolls
 d - a scroll of recharging {unknown}
 e - a scroll of immolation {unknown}
 f - a scroll of remove curse {unknown}
 h - 4 scrolls of identify {unknown}
 p - 2 scrolls of magic mapping {unknown}
 s - a scroll of enchant armour {unknown}
 t - a scroll of fear {unknown}
 w - a scroll of fog {unknown}
 x - a scroll of teleportation {unknown}
Potions
 n - a potion of restore abilities {unknown}
 q - a potion of brilliance {unknown}
 r - a potion of cancellation {unknown}
 u - a potion of agility
 v - a potion of poison
Books
 b - a book of Frost

   Spells                             Type                      Level
   a - Freeze                         Ice                          1
   b - Throw Frost                    Conjuration/Ice              2
   c - Ozocubu's Armour               Charms/Ice                   3
   d - Throw Icicle                   Conjuration/Ice              4
   e - Summon Ice Beast               Ice/Summoning                4
   f - Condensation Shield            Ice                          4
Comestibles
 c - 4 bread rations
 o - 2 meat rations


   Skills:
 + Level 0.6 Fighting
 + Level 0.5 Short Blades
 + Level 3.1 Dodging
 + Level 2.5 Stealth
 + Level 4.1 Spellcasting
   Level 1.1 Conjurations
 + Level 4.6 Ice Magic


You had 11 spell levels left.
You knew the following spells:

 Your Spells              Type           Power        Failure   Level  Hunger
a - Freeze                Ice            ###.         1%          1    None


Dungeon Overview and Level Annotations

Branches:
Dungeon (4/15)
 Temple: D:4-7

Altars:
Elyvilon
Makhleb
Nemelex Xobeh
Yredelemnul


Message History

You hit the centaur skeleton. The adder barely misses you.
The centaur skeleton hits you. The adder misses you.
The centaur skeleton completely misses you.
You hit the centaur skeleton. The adder bites you.
You are poisoned.
The adder poisons you!
The centaur skeleton completely misses you.
You hit the centaur skeleton.
You feel sick. The adder bites you but does no damage.
The centaur skeleton hits you.
* * * LOW HITPOINT WARNING * * *
Drink which item? (? for menu, Esc to quit)
It was a potion of agility.
You feel agile all of a sudden.
You feel sick. The adder misses you. The centaur skeleton hits you.
* * * LOW HITPOINT WARNING * * *
The adder closely misses you.
Drink which item? (? for menu, Esc to quit)
It was a potion of poison.
That liquid tasted very nasty...
You are more poisoned.
You die...

### #.. . #.. ... #.#
.... #. ##.# ##..##
...###... ..[..#
.......S##.....#.#
l...........@Z.......#
.. #.####..##.....###
#. #.# #...........
#.##.####.###.###.#l
#.......#.# .# #
#.......#.###.###.
##.......#.........
#...<......###.####
#........### .


You could see an adder and a centaur skeleton.

Vanquished Creatures
  A worker ant (D:3)
  3 gnolls (D:3)
  4 adders
  A giant mite (D:3)
  2 worms
  An adder skeleton (D:4)
  3 giant geckos
  2 oozes
  6 orcs (D:3)
  A ball python (D:2)
  8 bats
  6 giant cockroaches
  9 hobgoblins
  4 jackals
  A quokka (D:2)
  5 giant newts
  7 goblins
  8 kobolds
  2 rats
  A spectral orc (D:2)
75 creatures vanquished.

Notes
Turn   | Place    | Note
--------------------------------------------------------------
     0 | D:1      | Malachi, the High Elf Ice Elementalist, began the quest for the Orb.
     0 | D:1      | Reached XP level 1. HP: 11/11 MP: 4/4
    99 | D:1      | Found a sparkling altar of Nemelex Xobeh.
   552 | D:1      | Reached XP level 2. HP: 15/17 MP: 4/6
  1319 | D:2      | Reached XP level 3. HP: 19/21 MP: 9/9
  1708 | D:2      | Found a basalt altar of Yredelemnul.
  1753 | D:2      | Reached skill level 4 in Ice Magic
  1919 | D:2      | Reached XP level 4. HP: 24/27 MP: 8/12
  2233 | D:3      | Found a sparkling altar of Nemelex Xobeh.
  2259 | D:3      | Reached XP level 5. HP: 28/32 MP: 8/14
  2871 | D:4      | Found a white marble altar of Elyvilon.
  2880 | D:4      | Found a burning altar of Makhleb.
  2900 | D:4      | HP: 1/32 [centaur skeleton (5)]
  2901 | D:4      | Succumbed to poison (a potion of poison)

Action                   |  1- 3 |  4- 6 || total
-------------------------+-------+-------++-------
Melee: Dagger            |    11 |       ||    11
       Short sword       |    51 |    41 ||    92
 Cast: Freeze            |    52 |    52 ||   104
  Use: Potion            |       |     2 ||     2
 Stab: Sleeping          |       |     1 ||     1
  Eat: Chunk             |     3 |     3 ||     6
